details: 'Carmcars vs Erlog'

« prev index next »

General information

Mini Map

Players

team 1
HumanErlog (red | 26 APM | 1493 actions | 56:58)
Hero icon 8 Archmage
Ability icon 3 Summon Water Elemental
Ability icon 3 Brilliance Aura
Ability icon 1 Mass Teleport
Ability icon 1 Blizzard

» actions
Assign group hotkey4
Basic commands12
Build / train175
Enter build submenu43
Enter hero's abilities submenu8
Give item / drop item2
Remove unit from queue8
Right click421
Select / deselect551
Select group hotkey24
Use ability245
1493 total
» units
Peasant42
Footman12
Rifleman18
Forest Troll Shadow Priest2
Forest Troll Berserker1
Knight10
Priest5
Siege Engine7
97 total
» upgrades
Defend1
Plating3
Swords3
Gunpowder1
Armor1
Long Rifles1
Masonry2
Lumber Harvesting2
Animal War Training1
Priest Training2
Sorceress Training2
Magic Sentry1
20 total
» buildings
Altar of Kings2
Barracks3
Farm54
Blacksmith2
Arcane Vault2
Town Hall2
Keep3
Scout Tower104
Lumber Mill3
Castle2
Guard Tower27
Arcane Sanctum3
Workshop1
Cannon Tower1
209 total
» build order
00:07 Altar of Kings
00:17 Barracks
00:29 Farm
00:30 Farm
01:48 Farm
02:32 Barracks
03:11 Blacksmith
03:58 Arcane Vault
04:59 Farm
04:59 Farm
05:01 Farm
05:03 Farm
05:03 Farm
05:05 Farm
07:13 Farm
07:17 Farm
07:17 Farm
07:19 Farm
07:21 Farm
09:02 Town Hall
10:51 Keep
12:05 Scout Tower
12:06 Scout Tower
12:07 Scout Tower
12:08 Scout Tower
12:10 Scout Tower
12:11 Scout Tower
12:13 Scout Tower
12:15 Scout Tower
12:17 Scout Tower
12:19 Scout Tower
12:22 Scout Tower
12:25 Scout Tower
12:27 Scout Tower
12:27 Scout Tower
12:29 Scout Tower
12:30 Scout Tower
12:32 Scout Tower
13:39 Scout Tower
13:41 Scout Tower
13:43 Scout Tower
13:44 Scout Tower
13:46 Scout Tower
13:47 Scout Tower
13:50 Scout Tower
14:10 Scout Tower
14:12 Scout Tower
14:15 Scout Tower
14:16 Scout Tower
14:20 Scout Tower
14:21 Scout Tower
14:22 Scout Tower
14:24 Scout Tower
14:25 Scout Tower
15:01 Lumber Mill
15:30 Castle
15:58 Guard Tower
16:05 Guard Tower
16:19 Guard Tower
16:40 Guard Tower
16:42 Guard Tower
16:44 Guard Tower
17:02 Guard Tower
17:05 Guard Tower
17:07 Guard Tower
17:13 Guard Tower
17:17 Guard Tower
17:32 Guard Tower
17:40 Guard Tower
17:43 Guard Tower
17:52 Guard Tower
18:52 Arcane Sanctum
19:11 Scout Tower
19:12 Scout Tower
19:14 Scout Tower
19:16 Scout Tower
19:18 Scout Tower
19:19 Scout Tower
19:21 Scout Tower
19:23 Scout Tower
21:00 Guard Tower
22:50 Town Hall
25:44 Guard Tower
27:31 Keep
27:36 Keep
28:46 Farm
28:47 Farm
28:47 Farm
28:47 Farm
28:47 Farm
28:55 Farm
28:55 Farm
28:55 Farm
28:55 Farm
28:56 Farm
28:56 Farm
28:56 Farm
28:57 Farm
29:04 Barracks
29:15 Altar of Kings
30:16 Castle
30:25 Farm
30:25 Farm
30:26 Farm
30:26 Farm
30:27 Farm
30:29 Farm
30:30 Farm
30:31 Farm
30:32 Farm
30:32 Farm
30:34 Farm
30:45 Farm
30:51 Farm
30:52 Farm
30:52 Farm
30:53 Farm
30:54 Farm
30:54 Farm
30:56 Farm
30:56 Farm
30:58 Farm
30:58 Farm
30:59 Farm
31:09 Farm
32:20 Arcane Sanctum
33:32 Arcane Sanctum
33:52 Lumber Mill
33:57 Lumber Mill
35:34 Scout Tower
35:34 Scout Tower
35:35 Scout Tower
35:37 Scout Tower
35:38 Scout Tower
35:40 Scout Tower
35:41 Scout Tower
35:41 Scout Tower
35:44 Scout Tower
35:45 Scout Tower
35:46 Scout Tower
35:47 Scout Tower
35:48 Scout Tower
35:49 Scout Tower
35:50 Scout Tower
35:52 Scout Tower
35:52 Scout Tower
35:54 Scout Tower
35:54 Scout Tower
35:55 Scout Tower
35:56 Scout Tower
35:58 Scout Tower
36:29 Blacksmith
37:57 Guard Tower
38:00 Guard Tower
38:07 Scout Tower
38:09 Scout Tower
38:12 Scout Tower
39:04 Guard Tower
41:06 Guard Tower
43:11 Scout Tower
43:22 Scout Tower
43:45 Scout Tower
43:45 Scout Tower
43:46 Scout Tower
43:46 Scout Tower
43:46 Scout Tower
43:47 Scout Tower
43:55 Scout Tower
43:59 Scout Tower
44:00 Scout Tower
44:01 Scout Tower
44:02 Scout Tower
44:03 Scout Tower
44:06 Scout Tower
44:08 Scout Tower
44:08 Scout Tower
44:09 Scout Tower
44:12 Scout Tower
44:13 Scout Tower
44:14 Scout Tower
44:16 Scout Tower
44:23 Guard Tower
46:10 Arcane Vault
46:30 Guard Tower
46:33 Guard Tower
46:36 Guard Tower
46:40 Guard Tower
46:55 Workshop
49:27 Scout Tower
49:27 Scout Tower
49:28 Scout Tower
49:29 Scout Tower
49:30 Scout Tower
49:31 Scout Tower
49:33 Scout Tower
50:53 Guard Tower
51:34 Scout Tower
51:35 Scout Tower
51:35 Scout Tower
51:36 Scout Tower
51:40 Scout Tower
51:42 Scout Tower
51:45 Scout Tower
51:51 Scout Tower
51:54 Scout Tower
52:37 Cannon Tower
» items
Mechanical Critter5
Scroll of Town Portal1
Periapt of Vitality1
Circlet of Nobility1
8 total
team 2
HumanCarmcars2000 (orange | 22 APM | 1275 actions | 56:56)
Hero icon 2 Mountain King
Ability icon 2 Bash
Hero icon 2 Blood Mage
Ability icon 2 Flame Strike

» actions
Build / train72
Enter build submenu24
Enter hero's abilities submenu8
Right click629
Select / deselect501
Use ability41
1275 total
» units
Peasant6
Footman25
Rifleman2
Priest2
Mortar Team1
Gryphon Rider3
Knight1
Mud Golem1
Ogre Mauler1
Forest Troll Berserker1
Forest Troll Shadow Priest1
44 total
» upgrades
Masonry2
Swords2
Plating2
Gunpowder1
Armor1
Long Rifles1
Defend1
Priest Training2
Flare1
Fragmentation Shards1
Storm Hammers1
Cloud1
Lumber Harvesting1
17 total
» buildings
Lumber Mill2
Altar of Kings1
Farm11
Barracks1
Blacksmith1
Arcane Vault1
Keep1
Arcane Sanctum1
Gryphon Aviary1
Castle1
Workshop1
22 total
» build order
00:09 Lumber Mill
00:16 Altar of Kings
01:31 Farm
02:14 Barracks
03:35 Blacksmith
04:12 Farm
05:11 Arcane Vault
05:24 Farm
07:00 Farm
07:46 Farm
08:25 Farm
08:32 Farm
08:33 Keep
11:42 Arcane Sanctum
11:50 Gryphon Aviary
12:31 Castle
14:37 Workshop
15:23 Lumber Mill
15:45 Farm
17:31 Farm
21:39 Farm
22:21 Farm
» items
Scroll of Regeneration1
Orb of Fire2
3 total